 Dungeon Crawl Stone Soup version 0.28.0-43-g3370ac3207 (webtiles) character file.

Game seed: 14526610392754200785

6087 Bearnado the Spear-Bearer (level 10, 0/132 HPs)
             Began as a Minotaur Berserker on Mar 7, 2022.
             Was an Elder of Trog.
             Slain by an orc warrior
             ... wielding a +0 halberd
              (9 damage)
             ... on level 7 of the Dungeon.
             The game lasted 00:25:09 (6240 turns).

Bearnado the Spear-Bearer (Minotaur Berserker)      Turns: 6240, Time: 00:25:09

Health: 0/132      AC: 13    Str: 30    XL:     10   Next: 58%
Magic:  9/9        EV: 10    Int:  4    God:    Trog [****..]
Gold:   262        SH:  6    Dex: 19    Spells: 9/9 levels left

rFire   . . .      SeeInvis +   O - +5 long sword of Chance {vorpal, Str+7}
rCold   . . .      Faith    .   k - +0 buckler
rNeg    . . .      Spirit   .   d - +0 chain mail
rPois   .          Reflect  .   (helmet restricted)
rElec   .          Harm     .   (no cloak)
rCorr   .          Rampage  .   B - +1 pair of gloves
Will    .....                   (no boots)
Stlth   ..........              (no amulet)
HPRegen 0.32/turn               D - +6 ring of dexterity
MPRegen 0.11/turn               y - ring of see invisible

@: berserking, very quick
A: horns 2, retaliatory headbutt
a: Renounce Religion, Berserk, Trog's Hand, Brothers in Arms


You were on level 7 of the Dungeon.
You worshipped Trog.
Trog was greatly pleased with you.
You visited 1 branch of the dungeon, and saw 7 of its levels.
You also visited: Sewer.

You collected 262 gold pieces.

Inventory:

Hand Weapons
 q - a +0 spear of venom
 G - a +2 vorpal flail
 I - a +1 hand crossbow of flaming
 O - the +5 long sword of Chance (weapon) {vorpal, Str+7}
   (You found it on level 5 of the Dungeon)

   It inflicts extra damage upon your enemies.
   Str:       It affects your strength (+7).
 U - a +4 dire flail
Missiles
 c - 142 arrows
 p - 54 bolts
 E - 16 poisoned darts (quivered)
 V - 2 javelins
 X - 3 curare-tipped darts
 Y - 5 boomerangs
Armour
 d - a +0 chain mail (worn)
 k - a +0 buckler (worn)
 v - a +2 scale mail of willpower
 B - a +1 pair of gloves (worn)
 F - a +1 robe of willpower
 L - a +2 scale mail of cold resistance
 S - a +0 plate armour
Jewellery
 x - a ring of fire
 y - a ring of see invisible (right hand)
 D - a +6 ring of dexterity (left hand)
Wands
 Q - a wand of iceblast (11)
 R - a wand of paralysis (1)
 T - a wand of flame (11)
Scrolls
 e - a scroll of immolation {unknown}
 g - 2 scrolls of fear {unknown}
 h - 2 scrolls of teleportation {unknown}
 i - a scroll of enchant armour {unknown}
 n - a scroll of enchant weapon {unknown}
 r - 6 scrolls of identify {unknown}
 t - 2 scrolls of noise {unknown}
 u - 4 scrolls of amnesia {unknown}
 w - a scroll of vulnerability {unknown}
 K - a scroll of summoning {unknown}
 N - a scroll of blinking {unknown}
 P - a scroll of fog {unknown}
Potions
 f - 2 potions of resistance {unknown}
 j - 2 potions of ambrosia {unknown}
 m - 3 potions of heal wounds {unknown}
 s - a potion of cancellation {unknown}
 z - a potion of flight {unknown}
 A - a potion of attraction {unknown}
 C - a potion of degeneration {unknown}
 H - a potion of haste {unknown}
 J - 4 potions of brilliance {unknown}
 M - 4 potions of magic {unknown}
 W - 2 potions of curing {unknown}
 Z - 2 potions of mutation {unknown}
Miscellaneous
 a - a piece from Xom's chessboard (15/15)
 b - a box of beasts
 o - a tin of tremorstones (2/2)


   Skills:
 + Level 7.9 Fighting
 + Level 8.8 Long Blades
 + Level 9.0 Polearms
 + Level 6.3 Crossbows
 + Level 3.1 Throwing
 + Level 8.8 Armour
 + Level 3.6 Dodging
 + Level 1.2 Stealth
 + Level 4.4 Shields


You had 9 spell levels left.
You didn't know any spells.
Your spell library was empty.

Dungeon Overview and Level Annotations

Branches:
Dungeon (7/15)             Temple (0/1) D:6           Sewer (visited)

Altars:
Dithmenos
Fedhas

Shops:
D:5 (   D:6 **


Innate Abilities, Weirdness & Mutations

You have a pair of horns on your head.
You reflexively headbutt those who attack you in melee.


Message History

The vampire shoots a stone.
The stone hits you!
A red film seems to cover your vision as you go berserk!
You feel yourself moving faster!
You feel mighty!
You feel sick. You block the orc priest's attack.
The orc warrior hits you from afar with a +0 halberd!
The orc wizard mumbles some strange words.
The orc wizard flickers and vanishes for a moment.
You slice the orc priest!!
You kill the orc priest!
Trog accepts your kill.
You feel sick.
The orc warrior hits you from afar with a +0 halberd!
You closely miss the orc. The orc closely misses you.
You block the orc warrior's attack.
You slice the orc!!
You kill the orc!
Trog accepts your kill.
You feel sick.
The vampire shoots a stone.
The stone hits you!
* * * LOW HITPOINT WARNING * * *
x2 You feel sick.
The orc warrior hits you with a +0 halberd!
* * * LOW HITPOINT WARNING * * *
The orc wizard hits you but does no damage.
There is an open door, spattered with blood here.
Things that are here:
a +0 flail; a +1 dagger of venom; an orc corpse You are too berserk!
You slash the orc warrior! You headbutt the orc warrior.
The orc warrior is severely wounded.
The orc warrior hits you but does no damage.
The orc wizard hits you but does no damage.
You barely miss the orc warrior.
The orc warrior is severely wounded.
You feel sick.
You hit the orc warrior.
The orc warrior is almost dead.
You feel sick.
You are no longer poisoned.
The orc warrior hits you with a +0 halberd!
You die...

##..#######.####..
#...........).#)#.
#...........#.)###
#...........#.).#
#..###.###..###.##
#####.####.##..##..#..
#≈≈≈≈.≈≈≈≈V...##.[#.#.
#≈##≈.≈##≈...##..#...#
##@###≈#..#..#..#..
#oo.#≈≈.#.#.#..#.#.
#...#≈≈....#..#...#
#.(.#≈≈...#.#..#.#.
######≈...#..#..#..
#≈#..##..#...#
≈≈≈#...##..#.#. ###
#... ##..#.. ##..
###.##


You could see an orc warrior and an orc wizard (invisible).

Vanquished Creatures
  Pikel (D:7)
  A deep elf pyromancer (D:7)
  A kobold demonologist (D:7)
  A troll (D:7)
  Prince Ribbit (D:7)
  A hornet (D:7)
  A slime creature (D:7)
  Sigmund (D:5)
  Eustachio (D:4)
  2 steam dragons
  A vampire mosquito (D:7)
  A water moccasin (D:6)
  An orc warrior (D:7)
  3 ice beasts
  A black bear (D:6)
  2 sky beasts (D:7)
  2 necrophages
  2 ogres (D:7)
  2 centaurs
  3 kobold brigands (Sewer)
  A bullfrog (D:7)
  5 scorpions
  A wyvern skeleton (D:7)
  A water moccasin skeleton (D:7)
  6 wights
  A howler monkey (D:6)
  A bullfrog zombie (D:7)
  2 jellies
  A centaur zombie (D:7)
  4 hounds
  2 centaur skeletons
  3 orc priests
  3 iguanas
  A bullfrog skeleton (D:6)
  Natasha (twice) (D:4)
  5 orc wizards
  The ghost of Icepheonix32 the Sneak, a weakling DsDe (D:5)
  2 hound skeletons
  A hound zombie (D:5)
  12 adders
  2 shadow imps (D:6)
  An adder skeleton (D:5)
  2 worms (D:2)
  A dart slug (D:2)
  14 orcs
  6 ball pythons
  5 endoplasms
  5 giant cockroaches
  5 hobgoblins
  9 jackals
  7 quokkas
  8 bats
  3 frilled lizards
  2 goblins (D:1)
  15 kobolds
  6 rats
175 creatures vanquished.

Vanquished Creatures (collateral kills)
  A gargoyle (D:7)
  A wraith (D:7)
2 creatures vanquished.

Vanquished Creatures (others)
  2 plants (Sewer)
2 creatures vanquished.

Grand Total: 179 creatures vanquished

Notes
Turn   | Place    | Note
-------+----------+-------------------------------------------
     0 | D:1      | Bearnado the Minotaur Berserker began the quest for the
                  | Orb.
     0 | D:1      | Reached XP level 1. HP: 19/19 MP: 0/0
   259 | D:1      | Found a faded altar of an unknown god.
   402 | D:1      | Reached XP level 2. HP: 27/27 MP: 1/1
   408 | D:1      | Reached skill level 4 in Polearms
  1160 | D:2      | Reached XP level 3. HP: 33/33 MP: 2/2
  1198 | D:2      | Reached ** piety under Trog
  1763 | D:3      | Reached XP level 4. HP: 41/41 MP: 3/3
  2469 | D:4      | Reached XP level 5. HP: 40/47 MP: 4/4
  2525 | D:4      | Reached skill level 5 in Polearms
  2708 | D:4      | Noticed Eustachio
  2718 | D:4      | Killed Eustachio
  2719 | D:4      | Reached skill level 5 in Fighting
  2719 | D:4      | Reached skill level 5 in Armour
  2719 | D:4      | Reached XP level 6. HP: 56/56 MP: 5/5
  2777 | D:4      | Noticed Natasha
  2785 | D:4      | Killed Natasha
  2786 | D:4      | Reached skill level 6 in Polearms
  2801 | D:4      | Noticed Natasha
  2810 | D:4      | Killed Natasha
  3039 | D:5      | Entered Level 5 of the Dungeon
  3050 | D:5      | Found a blossoming altar of Fedhas.
  3051 | D:5      | Noticed an ice beast
  3058 | D:5      | Killed an ice beast
  3059 | D:5      | Reached skill level 1 in Shields
  3059 | D:5      | Reached XP level 7. HP: 61/61 MP: 6/6
  3062 | D:5      | Found a shadowy altar of Dithmenos.
  3111 | D:5      | Reached skill level 7 in Polearms
  3143 | D:5      | Found a glowing drain.
  3176 | D:5      | Noticed Sigmund
  3192 | D:5      | Killed Sigmund
  3193 | D:5      | Reached skill level 1 in Stealth
  3296 | Sewer    | Entered a sewer
  3329 | Sewer    | Reached *** piety under Trog
  3330 | Sewer    | Reached skill level 8 in Polearms
  3554 | Sewer    | Reached XP level 8. HP: 58/70 MP: 7/7
  3848 | D:5      | Identified the +5 long sword of Chance {vorpal, Str+7}
  3905 | D:5      | Found Mueriashrung's Antique Weapon Boutique.
  3908 | D:5      | Found a runed translucent door.
  3908 | D:5      | Noticed Icepheonix32's ghost (weakling DsDe)
  3922 | D:5      | Killed Icepheonix32's ghost
  4310 | D:5      | Reached skill level 1 in Throwing
  4478 | D:6      | Reached skill level 1 in Long Blades
  4478 | D:6      | Reached skill level 1 in Crossbows
  4515 | D:6      | Reached skill level 9 in Polearms
  4767 | D:6      | Reached XP level 9. HP: 77/77 MP: 8/8
  4786 | D:6      | Reached **** piety under Trog
  5055 | D:6      | Found Wawkuig's General Store.
  5059 | D:6      | Found Foby's Specific Store.
  5138 | D:6      | Found a staircase to the Ecumenical Temple.
  5366 | D:7      | Noticed Pikel
  5373 | D:7      | Killed Pikel
  5374 | D:7      | Reached skill level 5 in Long Blades
  5435 | D:7      | Noticed Prince Ribbit
  5445 | D:7      | Killed Prince Ribbit
  5596 | D:7      | Reached XP level 10. HP: 69/86 MP: 9/9
  5602 | D:7      | Reached skill level 5 in Crossbows
  5605 | D:7      | Noticed a deep elf pyromancer
  5611 | D:7      | Noticed a gargoyle
  5615 | D:7      | Killed a deep elf pyromancer
  5620 | D:7      | Killed a gargoyle
  6240 | D:7      | Slain by an orc warrior

Illustrated notes

Levels and vault maps discovered:
D:1:      dpeg_arrival_court, layout_loops_ring,
          shapermc_ecumenical_altar_pompeii, amcnicky_mini_pool_small,
          kennysheep_another_room
D:2:      layout_loops_ring
D:3:      layout_basic, serial_corexii_hall, corexii_hall_statues_deadend,
          corexii_hall_statues_u
D:4:      layout_loops_ring, uniq_eustachio, uniq_natasha
D:5:      layout_loops_ring, mainiacjoe_overflow_catwalk_spiral,
          gammafunk_ghost_grave, serial_shops, nicolae_square_shop,
          portal_sewer_entry_f, kennysheep_flooded_box,
          chequers_serial_rivers_small_a, uniq_sigmund
D:6:      layout_cave_pools, minmay_temple_entry_steel_oval,
          nicolae_specific_store, grunt_ministairs_7, hangedman_decor_points
D:7:      minmay_the_grid_octo_tiled_squarecenter [minmay_the_grid_octo_focus,
          minmay_the_grid_octo_fan_narrow, minmay_the_grid_octo_thin_diamonds,
          minmay_the_grid_octo_checkered,
          minmay_the_grid_square_5x5_megaprize_open,
          minmay_the_grid_square_5x5_fat_x,
          minmay_the_grid_square_5x5_checkered_sparse,
          minmay_the_grid_square_5x5_c,
          minmay_the_grid_square_5x5_inverted_slash], layout_gridville,
          serial_shops, nicolae_stop_n_shop_2, lightli_minifort,
          uniq_prince_ribbit1, uniq_pikel, uniq_joseph

Skill      XL: |  1  2  3  4  5  6  7  8  9 10 |
---------------+-------------------------------+-----
Polearms       | 4 5 6 8 9 |  9.0
Fighting       | 4 5 6 7 |  7.9
Armour         | 3 4 5 6 7 8 |  8.8
Shields        | 1 2 3 4 |  4.4
Stealth        | 1 |  1.2
Throwing       | 1 2 3 |  3.1
Dodging        | 3 |  3.6
Long Blades    | 3 7 8 |  8.8
Crossbows      | 2 4 6 |  6.3

Action                   |  1- 3 |  4- 6 |  7- 9 | 10-12 || total
-------------------------+-------+-------+-------+-------++-------
Melee: Spear             |   110 |   104 |   114 |       ||   328
       Headbutt          |    12 |    14 |    29 |     9 ||    64
       Long sword        |       |       |    78 |    54 ||   132
 Fire: Hand crossbow     |       |       |    36 |       ||    36
Throw: Boomerang         |       |       |     6 |       ||     6
       Dart              |       |       |    16 |       ||    16
Invok: Berserk           |     1 |     3 |     6 |     2 ||    12
       Brothers in Arms  |       |       |       |     1 ||     1
  Use: Potion            |       |       |       |     1 ||     1
Armor: Chain mail        |    40 |    36 |    76 |    33 ||   185
Dodge: Dodged            |    35 |    23 |    75 |    23 ||   156
Block: Buckler           |     3 |     7 |    45 |    21 ||    76
